Map: Eternal Empire LE

Players

HeroMarine - Winner!

  • Race: Terran Terran
  • League: Master
  • Spawn Location: 7:00

Ziggy

  • Race: Terran Terran
  • League: Grandmaster
  • Spawn Location: 1:00

Event: DreamHack SC2 Masters 2020 Summer Europe

VOD

Have the link to the VOD?

Description

Time

  • Played on: July 4, 2020, 10:34 a.m.
  • Length: 12:41

All games in this series

Show
View Real Time Build Order
Export as new Build Order

HeroMarine Terran - Winner!

Build Orders:  

Get SALT Encoding   

  12  0:00  SCV  
  13  0:12  SCV  
  14  0:17  Supply Depot  
  14  0:24  SCV  
  15  0:32  Refinery  
  15  0:39  SCV  
  16  0:44  Barracks  
  16  0:51  SCV  
  16  0:56  Refinery  
  17  1:03  SCV  
  18  1:15  SCV  
  19  1:31  Orbital Command, Reaper  
  20  1:40  Factory  
  20  1:47  Supply Depot  
  20  1:56  SCV  
  21  2:03  Reaper  
  22  2:08  SCV  
  23  2:20  SCV  
  24  2:23  Hellion  
  26  2:30  Command Center  
  26  2:32  SCV  
  26  2:35  Barracks Reactor  
  27  2:44  SCV  
  27  2:45  Widow Mine  
  27  2:47  Supply Depot  
  30  2:56  Starport  
  30  2:58  SCV  
  31  3:06  Factory Tech Lab  
  31  3:10  SCV  
  31  3:12  Marine x2  
  33  3:18  Refinery  
  34  3:22  SCV  
  34  3:25  Cyclone  
  38  3:30  Marine  
  39  3:35  Starport Tech Lab  
  39  3:42  Marine, SCV  
  39  3:44  Orbital Command  
  41  3:49  Marine  
  41  3:54  Raven, SCV  
  48  4:06  Siege Tank, SCV  
  48  4:07  Marine  
  48  4:08  Marine  
  51  4:14  Orbital Command  
  45  4:25  Marine  
  45  4:26  Marine  
  47  4:37  SCV  
  47  4:38  Siege Tank  
  48  4:39  Supply Depot  
  48  4:44  SCV  
  49  4:47  Marine  
  49  4:48  Marine  
  49  4:49  Raven, SCV  
  54  5:01  SCV x2  
  54  5:06  Supply Depot  
  56  5:10  Siege Tank  
  56  5:13  SCV  
  62  5:19  SCV  
  61  5:23  Command Center  
  61  5:25  SCV  
  62  5:31  SCV  
  62  5:32  Raven  
  66  5:37  SCV  
  66  5:40  Supply Depot  
  65  5:43  SCV  
  65  5:45  Refinery  
  65  5:49  SCV  
  67  5:52  Siege Tank  
  70  6:00  Barracks  
  70  6:01  Barracks  
  70  6:02  SCV x2  
  72  6:14  SCV x2  
  74  6:24  Siege Tank  
  77  6:26  SCV  
  77  6:29  Stimpack  
  77  6:30  SCV  
  77  6:32  Marine  
  78  6:34  Viking x2  
  78  6:37  Orbital Command  
  78  6:38  SCV  
  83  6:42  SCV  
  84  6:49  Engineering Bay  
  84  6:50  Marine  
  84  6:51  Engineering Bay  
  84  6:52  SCV  
  86  6:54  SCV  
  86  6:58  Siege Tank  
  86  6:59  Orbital Command  
  90  7:05  SCV  
  90  7:06  SCV  
  91  7:16  Barracks Reactor  
  91  7:17  Barracks Reactor  
  91  7:18  Marine  
  91  7:19  Barracks  
  91  7:20  SCV, Barracks  
  92  7:22  SCV  
  92  7:26  SCV  
  93  7:37  SCV x2  
  93  7:38  Terran Infantry Weapons Level 1, Terran Infantry Armor Level 1  
  93  7:41  SCV  
  93  7:43  Marine  
  97  7:49  SCV x2  
  97  7:53  Viking x2  
  97  7:54  SCV  
  101  8:08  Barracks Reactor x2  
  101  8:09  Combat Shield  
  101  8:14  Marine x5  
  101  8:15  Supply Depot, SCV x3  
  101  8:18  Supply Depot  
  101  8:19  Supply Depot  
  105  8:27  SCV x2  
  105  8:32  Marine x2  
  100  8:35  Marine  
  100  8:36  Marine x2  
  100  8:39  SCV x2  
  100  8:40  Medivac  
  102  8:41  Medivac  
  102  8:43  SCV  
  102  8:46  Siege Tank  
  107  8:48  Marine  
  107  8:49  Marine  
  107  8:50  Marine x2  
  107  8:51  SCV x2  
  107  8:53  Marine x2  
  107  8:55  SCV  
  116  8:56  Armory  
  116  8:58  Marine x3  
  116  9:02  Supply Depot  
  119  9:04  Supply Depot, SCV  
  119  9:05  SCV  
  119  9:07  SCV  
  122  9:10  Medivac  
  122  9:16  Medivac  
  123  9:17  SCV  
  123  9:18  SCV  
  123  9:19  SCV  
  123  9:23  Marine x6  
  123  9:24  Marine  
  132  9:28  Supply Depot  
  132  9:29  SCV  
  134  9:34  Siege Tank  
  134  9:36  Factory  
  136  9:39  Refinery  
  136  9:40  Refinery  
  136  9:42  Barracks Reactor  
  136  9:44  Sensor Tower, SCV x3  
  139  9:46  Marine  
  139  9:47  Marine  
  139  9:49  Marine  
  139  9:52  Marine x5  
  147  9:56  Supply Depot, SCV  
  148  10:04  Marine  
  149  10:18  Siege Tank, Marine x5  
  149  10:20  Terran Infantry Weapons Level 2, Terran Infantry Armor Level 2  
  157  10:22  Supply Depot  
  157  10:23  Siege Tank, Marine x3  
  157  10:24  Supply Depot  
  157  10:27  Supply Depot  
  157  10:28  Marine x2  
  165  10:41  Marine x4, Medivac x2  
  173  10:44  Marine x4  
  173  10:46  Marine  
  178  10:50  Supply Depot  
  178  10:51  Marine  
  178  10:57  Siege Tank  
  181  10:59  Marine x4  
  181  11:02  Siege Tank  
  188  11:10  Marine x2  
  190  11:12  Command Center  
  190  11:13  Marine x3  
  190  11:17  Medivac  
  191  11:19  Medivac  
  191  11:23  Marine x3  
  183  11:33  Marine x4  
  183  11:35  Marine x2  
  183  11:37  Siege Tank  
  183  11:38  Marine  
  192  11:41  Marine x3  
  192  11:46  Siege Tank  
  195  11:50  Marine x2  
  195  11:51  Marine x2  
  195  11:52  Marine  
  195  11:53  Marine  
  196  11:56  Marine  
  196  11:58  Marine  
  196  11:59  Marine x2  
  180  12:08  Marine x2  
  180  12:09  Marine x2  
  180  12:10  Marine x2  
  180  12:13  Marine  
  170  12:16  Marine  
  170  12:17  Marine x2  
Show
View Real Time Build Order
Export as new Build Order

Ziggy Terran 

Build Orders: 1/1/1 

Get SALT Encoding   

  12  0:00  SCV  
  13  0:12  SCV  
  14  0:17  Supply Depot  
  14  0:24  SCV  
  14  0:27  Refinery  
  15  0:38  SCV  
  16  0:44  Barracks  
  16  0:50  SCV  
  16  0:55  Refinery  
  17  1:02  SCV  
  18  1:14  SCV  
  19  1:31  Orbital Command, Reaper  
  20  1:34  Factory  
  20  1:46  Supply Depot  
  20  1:59  SCV  
  21  2:03  Reaper  
  22  2:11  SCV  
  23  2:17  Hellion  
  23  2:18  Starport  
  25  2:23  SCV  
  26  2:36  Barracks Tech Lab  
  26  2:37  Supply Depot  
  26  2:39  Hellion  
  26  2:40  SCV  
  29  2:54  Concussive Shells  
  29  2:55  Marauder  
  31  3:00  Hellion, Medivac  
  35  3:10  Supply Depot  
  35  3:16  Marauder  
  37  3:21  Hellion  
  39  3:32  SCV  
  39  3:33  Starport Tech Lab  
  40  3:45  Command Center  
  40  3:51  Raven  
  40  3:53  Barracks Reactor  
  42  4:01  Cyclone  
  45  4:15  SCV  
  46  4:25  Supply Depot  
  46  4:27  SCV  
  47  4:32  Refinery  
  45  4:39  SCV  
  46  4:46  Siege Tank  
  49  4:53  Raven  
  49  4:57  Orbital Command, SCV  
  52  5:09  SCV  
  53  5:16  Command Center  
  53  5:21  SCV  
  54  5:24  SCV  
  54  5:27  Siege Tank  
  58  5:33  SCV  
  59  5:36  SCV  
  59  5:42  Stimpack  
  60  5:45  SCV  
  61  5:50  SCV  
  61  5:51  Viking x2  
  66  5:57  SCV  
  66  6:02  Supply Depot  
  67  6:05  SCV  
  67  6:06  Supply Depot  
  67  6:09  SCV  
  69  6:17  Barracks  
  69  6:18  Barracks  
  69  6:22  SCV  
  70  6:29  Viking x2  
  69  6:43  SCV x2  
  68  6:48  Siege Tank  
  71  6:55  SCV  
  71  7:01  SCV  
  71  7:09  SCV  
  71  7:11  Orbital Command  
  73  7:15  SCV  
  73  7:25  Combat Shield, Barracks Reactor  
  73  7:26  Barracks Reactor  
  73  7:27  SCV  
  73  7:29  Refinery, SCV  
  75  7:32  Orbital Command  
  75  7:35  Marine  
  76  7:44  SCV  
  76  7:47  SCV  
  76  7:55  Marine  
  76  7:56  SCV  
  78  7:59  SCV  
  78  8:02  Marine x4  
  78  8:05  Engineering Bay, SCV  
  84  8:06  Engineering Bay  
  84  8:08  SCV  
  84  8:10  Medivac  
  84  8:11  SCV  
  84  8:12  Supply Depot  
  88  8:13  Marine  
  88  8:17  SCV  
  88  8:19  Marine  
  83  8:31  SCV x2  
  83  8:34  Marine x4  
  72  8:35  Siege Tank  
  72  8:37  SCV  
  72  8:38  Terran Infantry Weapons Level 1  
  72  8:39  Terran Infantry Armor Level 1  
  67  8:43  SCV x2  
  67  8:44  Refinery  
  67  8:46  Sensor Tower  
  67  8:47  Marine  
  70  8:49  SCV  
  70  8:51  Marine  
  70  8:52  Marine, Medivac x2  
  70  8:53  Marine  
  70  8:55  SCV  
  79  8:58  SCV, Barracks  
  79  9:00  Barracks  
  79  9:01  SCV  
  81  9:03  Marine  
  81  9:04  Marine  
  81  9:07  SCV  
  81  9:08  Siege Tank  
  81  9:09  Marine x2  
  88  9:10  SCV  
  88  9:11  Marine  
  88  9:15  SCV  
  88  9:16  Missile Turret  
  92  9:21  Marine  
  92  9:22  Marine, SCV  
  95  9:26  Armory, SCV  
  95  9:27  Supply Depot, Marine x2  
  95  9:31  Factory, SCV  
  98  9:32  Refinery, Marine  
  98  9:34  SCV  
  101  9:38  Marine  
  101  9:39  Medivac  
  101  9:40  Siege Tank, Marine  
  101  9:44  Sensor Tower  
  101  9:45  Marine  
  109  9:46  Marine  
  109  9:47  SCV x2  
  109  9:50  Marine  
  113  9:53  Marine  
  113  9:54  Marine  
  113  9:56  Marine  
  113  9:57  Medivac  
  113  9:58  Marine  
  119  10:03  Marine  
  119  10:04  Marine, Missile Turret  
  119  10:05  Missile Turret  
  121  10:09  Marine  
  121  10:11  Marine x2  
  124  10:14  Marine  
  124  10:15  Siege Tank  
  124  10:20  Factory Tech Lab  
  125  10:25  Supply Depot  
  125  10:28  Supply Depot  
  125  10:30  Barracks Reactor x2  
  125  10:36  Command Center  
  125  10:47  Marine x4, Medivac x2  
  125  10:49  Siege Tank x2, Marine  
  140  11:00  Supply Depot  
  140  11:04  Marine  
  141  11:12  Supply Depot  
  141  11:13  Supply Depot  
  141  11:17  Supply Depot x2  
  141  11:21  Marine x6, Medivac  
  149  11:25  Marine  
  149  11:32  Marine x2, Medivac  
  146  11:39  Marine x5  
  136  11:42  Siege Tank x2  
  135  11:50  Marine x3  
  129  12:02  Marine x2  
  104  12:08  Marine x2  
  104  12:09  Marine x2  
  104  12:11  Marine x3, SCV x2  
  104  12:12  SCV x2  
  103  12:22  Marine x2  
  105  12:23  SCV  
  105  12:24  SCV x3  
Tags
 
Add a new tag
Caveats
  • Supply blocks, unpowered buildings, or Contaminate may cause inaccurate times.
  • Supply counts are checked every 10 seconds.